 Dungeon Crawl Stone Soup version 0.28.0-53-g5a82cb258f (webtiles) character file.

Game seed: 15986430005891368058

244 Zeld the Ogre Mage (level 6, -6/53 HPs)
             Began as an Ogre Fire Elementalist on June 6, 2022.
             Mangled by a gnoll
             ... wielding a +0 flail
              (9 damage)
             ... on level 6 of the Dungeon.
             The game lasted 00:02:51 (3558 turns).

Zeld the Ogre Mage (Ogre Fire Elementalist)         Turns: 3558, Time: 00:02:52

Health: -6/53      AC:  3    Str: 13    XL:     6   Next: 10%
Magic:  1/13       EV:  9    Int: 18    God:
Gold:   159        SH:  0    Dex:  9    Spells: 4/14 levels left

rFire   . . .      SeeInvis .   g - +2 hand axe (freeze)
rCold   . . .      Faith    .   (no shield)
rNeg    . . .      Spirit   .   a - +0 robe
rPois   .          Reflect  .   (helmet restricted)
rElec   .          Harm     .   (no cloak)
rCorr   .          Rampage  .   (gloves unavailable)
Will    .....                   (boots unavailable)
Stlth   +.........              (no amulet)
HPRegen 0.17/turn               (no ring)
MPRegen 0.13/turn               (no ring)

@: mesmerised, very slightly contaminated
A: large, unfitting armour, tough skin 1
a: no special abilities


You were on level 6 of the Dungeon.
You visited 1 branch of the dungeon, and saw 8 of its levels.

You collected 159 gold pieces.

Inventory:

Hand Weapons
 g - a +2 hand axe of freezing (weapon)
Armour
 a - a +0 robe (worn)
Jewellery
 i - an amulet of magic regeneration
Wands
 e - a wand of digging (6)
 h - a wand of mindburst (1)
 j - a wand of paralysis (6)
 r - a wand of iceblast (13)
Scrolls
 c - a scroll of teleportation {unknown}
 d - 2 scrolls of identify {unknown}
 k - a scroll of magic mapping {unknown}
 n - a scroll of amnesia {unknown}
 o - 2 scrolls of silence {unknown}
 q - a scroll of enchant weapon {unknown}
Potions
 b - a potion of curing
 f - a potion of berserk rage {unknown}
 l - a potion of haste {unknown}
 m - a potion of brilliance {unknown}
 p - a potion of lignification {unknown}


   Skills:
 - Level 1.7 Dodging
 - Level 1.4 Stealth
 * Level 4.6 Spellcasting
 + Level 2.3 Conjurations
 * Level 4.3 Fire Magic


You had 4 spell levels left.
You knew the following spells:

 Your Spells              Type           Power      Damage    Failure   Level
a - Foxfire               Conj/Fire      64%        2x1d7     3%          1
b - Scorch                Fire           38%        2d7       3%          2
c - Inner Flame           Hex/Fire       12%        N/A       17%         3
d - Flame Wave            Conj/Fire      16%        2d6       34%         4

Your spell library contained the following spells:

 Spells                   Type           Power      Damage    Failure   Level
 Conjure Flame            Conj/Fire      16%        6-21      11%         3
 Animate Skeleton         Necr           8%         N/A       14%         1
 Pain                     Necr           16%        1d4       14%         1
 Ensorcelled Hibernation  Hex/Ice        8%         N/A       21%         2
 Passwall                 Tmut/Erth      3%         N/A       21%         2
 Swiftness                Air            4%         N/A       38%         3
 Vampiric Draining        Necr           4%         2d6       38%         3
 Freezing Cloud           Conj/Ice/Air   3%         6-21      95%         5
 Simulacrum               Ice/Necr       2%         N/A       100%        6
 Polar Vortex             Ice            2%         N/A       100%        9


Dungeon Overview and Level Annotations

Branches:
Dungeon (8/15)
 Temple: D:4-7         Lair: D:8-11

Altars:
Trog

Annotations:
D:6 Maggie


Innate Abilities, Weirdness & Mutations

You are too large for most types of armour.
You have tough skin. (AC +1)


Message History

Flames lash the bullfrog.
The bullfrog is lightly wounded.
The bullfrog's fire resistance burns away.
An iguana comes into view.
The bullfrog closely misses you. The hound bites you.
The kobold closely misses you. The gnoll hits you with a +0 flail.
Unknown command.
Casting: Scorch (safe; 3% risk of failure)
Confirm with . or Enter, or press ? or * to list all spells.
You miscast Scorch.
You are very lightly contaminated with residual magic.
Nothing appears to happen.
The bullfrog completely misses you. The hound closely misses you.
The bullfrog hits you. The gnoll hits you with a +0 flail!
* * * LOW HITPOINT WARNING * * *
The kobold hits you with a +0 dagger.
* * * LOW HITPOINT WARNING * * *
Unknown command.
Unknown command.
Unknown command.
Casting: Scorch (safe; 3% risk of failure)
Confirm with . or Enter, or press ? or * to list all spells.
Flames lash the scorpion.
The scorpion is lightly wounded.
The scorpion's fire resistance burns away.
The hound bites you but does no damage. The bullfrog hits you.
* * * LOW HITPOINT WARNING * * *
The hound barely misses you. The gnoll hits you with a +0 flail.
* * * LOW HITPOINT WARNING * * *
The kobold hits you but does no damage.
Unknown command.
Unknown command.
Unknown command.
It was a potion of curing.
You feel better.
The bullfrog is no longer more vulnerable to fire.
The bullfrog closely misses you. The hound closely misses you.
The bullfrog hits you.
* * * LOW HITPOINT WARNING * * *
The kobold barely misses you. The gnoll hits you with a +0 flail!
You die...

........#
.......#.
........ ......#
#.!K..# #.KK#.#
.# # #.KFK.##.#
#.# #@g....#
.#... #h#.#..#
......#@#.l..####
.......g.#....(..
....#...........!
s................
...........g.....
..h..##..........
..... #.....g....


You could see Maggie (mesmerising), a kobold brigand, a gnoll sergeant, a
bullfrog, an iguana, a hound, a gnoll (combustible) and 4 kobolds.

Vanquished Creatures
  A kobold brigand (D:8)
  A scorpion (D:4)
  Ijyb (D:3)
  An iguana (D:4)
  A gnoll (D:6)
  An adder (D:4)
  An adder skeleton (D:4)
  2 dart slugs
  5 orcs
  7 ball pythons
  An endoplasm (D:2)
  A giant cockroach (D:2)
  8 hobgoblins
  2 quokkas (D:3)
  A bat (D:1)
  3 frilled lizards
  4 goblins
  5 kobolds
  3 rats
49 creatures vanquished.

Vanquished Creatures (others)
  38 foxfires
38 creatures vanquished.

Grand Total: 87 creatures vanquished

Notes
Turn   | Place    | Note
-------+----------+-------------------------------------------
     0 | D:1      | Zeld the Ogre Fire Elementalist began the quest for the
                  | Orb.
     0 | D:1      | Reached XP level 1. HP: 16/16 MP: 3/3
    15 | D:1      | Found a faded altar of an unknown god.
   346 | D:1      | Reached skill level 1 in Conjurations
   541 | D:2      | Reached XP level 2. HP: 24/24 MP: 1/5
   589 | D:2      | Learned a level 2 spell: Scorch
   944 | D:3      | Noticed Ijyb
  1245 | D:2      | Reached XP level 3. HP: 18/31 MP: 2/7
  1249 | D:2      | Learned a level 3 spell: Inner Flame
  1479 | D:3      | Killed Ijyb
  1591 | D:3      | Reached XP level 4. HP: 26/39 MP: 3/9
  2011 | D:4      | Noticed a scorpion
  2022 | D:4      | Killed a scorpion
  2023 | D:4      | Reached XP level 5. HP: 39/45 MP: 2/11
  2038 | D:4      | Learned a level 4 spell: Flame Wave
  2042 | D:4      | Found a bloodstained altar of Trog.
  3074 | D:5      | Entered Level 5 of the Dungeon
  3074 | D:5      | Noticed a lemure
  3074 | D:5      | Noticed a lemure
  3074 | D:5      | Noticed a lemure
  3074 | D:5      | You fall into a shaft and drop 3 floors!
  3098 | D:7      | Noticed a kobold brigand
  3170 | D:8      | Killed a kobold brigand
  3171 | D:8      | Reached XP level 6. HP: 24/53 MP: 0/12
  3546 | D:6      | Noticed Maggie
  3557 | D:6      | HP: 1/53 [gnoll/+0 flail (3)]
  3558 | D:6      | Mangled by a gnoll

Illustrated notes

Levels and vault maps discovered:
D:1:      dpeg_arrival_brainrot, layout_basic, serial_curves, eino_curves_01,
          eino_curves_01, dreamdust_ecumenical_altar_statues
D:2:      layout_rooms, grunt_ministairs_3
D:3:      cheibrodos_greedy_goblins, layout_rooms, uniq_ijyb, uniq_sigmund
D:4:      layout_basic, lightli_temple_of_fire, hex_large
D:5:      layout_layer_cave, chequers_temple_overflow_statue_of_worship,
          minmay_temple_entry_grid, gup_sewer_entry_pipe, gammafunk_ghost_smash,
          uniq_eustachio, uniq_pikel
D:6:      layout_rooms, vehumet_crystals, gammafunk_ghost_hive, uniq_maggie
D:7:      nicolae_BIG_FREAKIN_CUBE, layout_loops_corners, elyvilon_altar_1,
          nicolae_underground_beach, uniq_menkaure
D:8:      layout_layer_cave, kennysheep_just_a_vault

Skill      XL: |  1  2  3  4  5 |
---------------+----------------+-----
Conjurations   | 1 2 |  2.3
Fire Magic     | 3 4 |  4.3
Spellcasting   | 3 4 |  4.6
Dodging        | |  1.7
Stealth        | |  1.4

Action                   |  1- 3 |  4- 6 || total
-------------------------+-------+-------++-------
Melee: Unarmed           |    21 |       ||    21
       Hand axe          |     9 |    17 ||    26
       Punch             |       |     1 ||     1
 Cast: Foxfire           |    28 |     4 ||    32
       Scorch            |    16 |    31 ||    47
  Use: Potion            |       |     1 ||     1
Armor: Robe              |    12 |     7 ||    19
Dodge: Dodged            |    15 |    30 ||    45
